 Dungeon Crawl Stone Soup version 0.23.1-37-gaa34b87b72 (webtiles) character file.

Game seed: 327982779100275990

76678 Norn the Nimble (level 16, -4/116 HPs)
             Began as a Halfling Hunter on Mar 24, 2019.
             Was an Initiate of Gozag.
             Slain by a dire elephant (27 damage)
             ... on level 15 of the Dungeon.
             The game lasted 01:28:43 (35137 turns).

Norn the Nimble (Halfling Hunter)                  Turns: 35137, Time: 01:28:43

Health: -4/116     AC: 14    Str: 19    XL:     16   Next: 2%
Magic:  22/22      EV: 26    Int: 15    God:    Gozag
Gold:   2469       SH:  7    Dex: 18    Spells: 15/15 levels left

rFire    . . .     SeeInvis +   b - +7 rapier of the Blessed Realm {pierce, rN+}
rCold    . . .     Gourm    .   k - +0 buckler
rNeg     + . .     Faith    .   A - +0 ring mail
rPois    .         Spirit   .   o - +0 helmet
rElec    .         Reflect  .   C - +0 cloak
rCorr    .         Harm     .   S - +0 pair of gloves
MR       +....                  D - +0 pair of boots
Stlth    ++........             n - amulet of the acrobat
HPRegen  0.29/turn              z - ring of see invisible
MPRegen  0.18/turn              W - ring of the Octopus King {AC+1 EV+1 Str+1 Int+1 Dex+1 Stlth+}

@: mighty, gold aura
A: small, mutation resistance 1
a: Potion Petition, Call Merchant, Bribe Branch, Renounce Religion


You were on level 15 of the Dungeon.
You worshipped Gozag.
Gozag was most pleased with you.
You were hungry.

You visited 3 branches of the dungeon, and saw 22 of its levels.

You collected 6410 gold pieces.
You spent 918 gold pieces at shops.
You paid 3023 gold pieces to Gozag.

Inventory:

Hand Weapons
 a - a +3 hunting sling of freezing
   (You bought it in a shop on level 6 of the Lair of Beasts)
 b - the +7 rapier of the Blessed Realm (weapon) {pierce, rN+}
   (You bought it in a shop on level 8 of the Dungeon)

   It inflicts extra damage upon your enemies.
   It protects you from negative energy.
 q - a +0 dagger of venom
   (You took it off an orc on level 7 of the Dungeon)
 s - a +0 blowgun
   (You took it off a kobold on level 3 of the Dungeon)
 N - the +7 scimitar of Didyis {holy, rPois}
   (You bought it in a shop on level 11 of the Dungeon)

   It has been blessed by the Shining One to cause great damage to the undead
   and demons.
   It protects you from poison.
Missiles
 f - 580 stones (quivered)
 J - 149 sling bullets
 M - 74 poisoned needles
 U - 2 throwing nets {!f}
Armour
 k - a +0 buckler (worn)
   (You found it on level 3 of the Dungeon)
 o - a +0 helmet (worn)
   (You took it off Robin on level 2 of the Dungeon)
 A - a +0 ring mail (worn)
   (You took it off an orc priest on level 7 of the Dungeon)
 C - a +0 cloak (worn)
   (You found it on level 5 of the Dungeon)
 D - a +0 pair of boots (worn)
   (You found it on level 9 of the Dungeon)
 R - the cursed +1 scale mail of the Barnacle {rC+}
   (You found it on level 10 of the Dungeon)

   It protects you from cold.
   It has a curse placed upon it.
 S - a +0 pair of gloves (worn)
   (You found it on level 1 of the Lair of Beasts)
Jewellery
 h - an uncursed ring of ice
   (You found it on level 1 of the Dungeon)
 n - an amulet of the acrobat (around neck)
   (You found it on level 10 of the Dungeon)
 p - an uncursed ring of resist corrosion
   (You found it on level 2 of the Dungeon)
 y - the ring "Kepnus" {rPois rC- EV+4 Int+4 Stlth+}
   (You found it on level 11 of the Dungeon)

   [ring of evasion]

   It affects your evasion (+4).
   It affects your intelligence (+4).
   It makes you vulnerable to cold.
   It protects you from poison.
   It makes you more stealthy.
 z - a ring of see invisible (left hand)
   (You bought it in a shop on level 6 of the Lair of Beasts)
 O - a +4 ring of strength
   (You found it on level 14 of the Dungeon)
 W - a ring of the Octopus King (right hand) {AC+1 EV+1 Str+1 Int+1 Dex+1 Stlth+}
   (You found it on level 4 of the Lair of Beasts)

   [ring of stealth]

   It affects your AC (+1).
   It affects your evasion (+1).
   It affects your strength (+1).
   It affects your intelligence (+1).
   It affects your dexterity (+1).
   It makes you more stealthy.
Wands
 d - a wand of iceblast (6)
   (You found it on level 8 of the Dungeon)
 t - a wand of flame (5)
   (You found it on level 8 of the Dungeon)
 v - a wand of digging (4)
   (You found it on level 2 of the Lair of Beasts)
 x - a wand of acid (20)
   (You found it on level 4 of the Lair of Beasts)
 K - a wand of clouds (3)
   (You found it on level 3 of the Lair of Beasts)
Scrolls
 c - a scroll of identify {@r1}
 i - 4 scrolls of fear
 l - 3 scrolls of magic mapping
 m - 7 scrolls of teleportation {@r4}
 u - 2 scrolls of summoning
 B - a scroll of brand weapon
 E - 8 scrolls of remove curse {@r2}
 G - 3 scrolls of fog
 L - a scroll of silence
 Q - 4 scrolls of blinking
 T - 2 scrolls of enchant weapon
 X - 2 scrolls of immolation {!r}
Potions
 g - 2 potions of mutation {!q}
 j - a potion of might
 r - 3 potions of lignification {!q}
 w - a potion of agility
 F - a potion of magic
 H - 3 potions of brilliance
 I - 3 potions of haste {@q3}
 P - 7 potions of curing {@q1}
 Y - a potion of invisibility
 Z - 5 potions of flight
Comestibles
 e - 9 rations {!d}


   Skills:
 + Level 12.4 Fighting
 - Level 12.0(12.5) Short Blades
 + Level 5.4(8.6) Long Blades
 - Level 12.1 Slings
 - Level 11.0 Armour
 + Level 14.3 Dodging
 - Level 1.1 Stealth
 - Level 5.6 Shields
 + Level 8.6 Evocations


You had 15 spell levels left.
You didn't know any spells.
Your spell library contained the following spells:

 Spells                   Type           Power        Failure   Level  Hunger
 Corona                   Hex            #......      38%         1    ##.....
 Freeze                   Ice            #...         38%         1    ##.....
 Magic Dart               Conj           #...         38%         1    ##.....
 Searing Ray              Conj           #.....       52%         2    ###....
 Slow                     Hex            #.......     52%         2    ###....
 Throw Frost              Conj/Ice       #.....       52%         2    ###....
 Dazzling Spray           Conj/Hex       #.....       77%         3    ####...
 Inner Flame              Hex/Fire       #.......     77%         3    ####...
 Ozocubu's Armour         Chrm/Ice       #.......     77%         3    ####...
 Portal Projectile        Hex/Tloc       #.....       77%         3    ####...
 Cause Fear               Hex            #.........   99%         4    #####..
 Force Lance              Conj/Tloc      #.......     99%         4    #####..
 Fulminant Prism          Conj/Hex       #.........   99%         4    #####..
 Iskenderun's Mystic Bla  Conj           #.......     99%         4    #####..
 Leda's Liquefaction      Hex/Erth       #.........   99%         4    #####..
 Summon Ice Beast         Ice/Summ       #.......     99%         4    #####..
 Throw Icicle             Conj/Ice       #.......     99%         4    #####..
 Silence                  Hex/Air        #.........   100%        5    ######.
 Yara's Violent Unravell  Hex/Tmut       #.........   100%        5    ######.
 Deflect Missiles         Chrm/Air       #.........   100%        6    #######
 Discord                  Hex            #.........   100%        8    #######


Dungeon Overview and Level Annotations

Branches:
Dungeon (14/15)            Temple (1/1) D:5            Lair (6/6) D:8
  Swamp (0/4) Lair:4       Spider (0/4) Lair:4        Slime (0/5) Lair:5
    Orc (0/2) D:11         Vaults (0/5) D:13         Depths (0/5) D:15

Altars:
Ashenzari
Cheibriados
Dithmenos
Elyvilon
Fedhas
Gozag
Hepliaklqana
Kikubaaqudgha
Makhleb
Nemelex Xobeh
Okawaru
Qazlal
Ru
Sif Muna
Trog
Uskayaw
Vehumet
Wu Jian
Xom
Yredelemnul
Zin
The Shining One

Shops:
D:2 *   D:8 (   D:11 (*   Lair:6 (=

Annotations:
D:3 3 runed translucent doors, Norn's ghost, amateur HaHu; Peloso's ghost, amateur MiFi; Sondor's ghost, amateur DsCK
D:5 1 runed translucent door, Crazy Yiuf
D:7 exclusion: downstairs
D:14 1 runed translucent door, rorsh's ghost, journeyman DEWz
Lair:2 exclusion: 2 oklob plants


Innate Abilities, Weirdness & Mutations

You are small and have problems with some larger weapons.
You are somewhat resistant to further mutation.


Message History

A manticore is nearby!
A manticore is nearby!
The manticore flicks its tail.
The volley of spikes misses you.
The manticore flicks its tail.
The volley of spikes misses you.
The dire elephant trumpets!
You hit the manticore.
You hit the dire elephant but do no damage.
Aim: a dire elephant The bolt of acid hits the dire elephant!
The dire elephant is splashed with acid!
The acid corrodes the dire elephant!
The bolt of acid hits the manticore!
The manticore is splashed with acid.
The acid corrodes the manticore!
You hit the dire elephant. The dire elephant tramples you!!
* * * LOW HITPOINT WARNING * * *
You stumble backwards!
You puncture the dire elephant! You puncture the dire elephant!
The dire elephant misses you. The dire elephant trunk-slaps you!
* * * LOW HITPOINT WARNING * * *
You puncture the dire elephant! You block the dire elephant's attack.
The dire elephant completely misses you.
The manticore becomes distracted by the nearby gold, dreaming of imaginary riches.
You puncture the dire elephant!
You don't know any spells.
Unknown command.
You feel very mighty all of a sudden.
The dire elephant completely misses you.
The dire elephant trunk-slaps you.
* * * LOW HITPOINT WARNING * * *
You hit the dire elephant.
The manticore is no longer distracted by gold.
The dire elephant completely misses you.
The dire elephant closely misses you.
You puncture the dire elephant! You puncture the dire elephant!
The manticore is no longer covered in acid.
The dire elephant tramples you!!
* * * LOW HITPOINT WARNING * * *
You hold your ground!
The dire elephant trunk-slaps you.
* * * LOW HITPOINT WARNING * * *
You feel much better. The dire elephant tramples you!
* * * LOW HITPOINT WARNING * * *
You hold your ground!
The dire elephant trunk-slaps you but does no damage.
Unknown command.
You hit the dire elephant. The dire elephant tramples you!!
You die...
Your body crumbles into a pile of gold.

#### #@.#
#.Y## #
###H###Y#
#...#...#
#.≈.#.≈.#
.....#...#
....###+###.#
.... #.. ...
..#


You could see a dire elephant and a manticore.

Vanquished Creatures
  2 entropy weavers (Lair:6)
  Harold (Lair:1)
  Josephine (Lair:4)
  7 vault guards (D:13)
  A rakshasa (D:14)
  5 hydras
  An ice dragon (D:11)
  3 centaur warriors
  A queen ant (Lair:6)
  A two-headed ogre (D:13)
  9 death yaks
  4 unseen horrors
  2 manticores
  A salamander (D:15)
  5 elephants (Lair:6)
  2 deep elf magi
  5 cyclopes
  2 ugly things
  4 black mambas
  Joseph (D:9)
  4 centaur zombies
  Maurice (D:9)
  6 spiny frogs
  4 kobold demonologists
  3 rime drakes
  4 komodo dragons
  2 polar bears (Lair:6)
  A troll (D:11)
  3 hornets (Lair:6)
  2 bog bodies (Lair:4)
  22 blink frogs
  3 slime creatures (D:13)
  15 dream sheep
  10 hippogriffs
  2 vampires
  13 spriggans (Lair:6)
  6 wraiths
  3 wyverns
  4 basilisks
  2 water elementals
  36 yaks
  2 hungry ghosts
  2 vampire mosquitoes (D:13)
  An acid dragon (D:12)
  21 soldier ants (Lair:6)
  12 water moccasins
  5 porcupines
  9 black bears
  5 orc warriors
  7 ice beasts
  5 sky beasts
  A necrophage (D:11)
  A phantom (D:9)
  4 boggarts (Lair:6)
  6 ogres
  30 wolves
  13 centaurs
  11 crocodiles
  17 big kobolds
  10 bullfrogs
  3 wyvern zombies
  7 scorpions
  A wyvern skeleton (D:10)
  A water moccasin zombie (D:7)
  7 killer bees
  9 wights
  6 howler monkeys
  4 electric eels
  6 crimson imps
  2 bullfrog zombies
  A quasit (D:7)
  3 jellies
  9 hounds
  A bullfrog skeleton (D:6)
  5 centaur skeletons
  9 orc priests
  10 orc wizards
  7 iguanas
  3 hell rats (D:7)
  29 worker ants
  2 mummies (D:11)
  Robin (D:2)
  7 gnolls (D:4)
  3 worker ant zombies
  10 adders
  2 river rats (D:8)
  5 shadow imps
  An adder zombie (D:9)
  5 worms
  A dart slug (D:2)
  3 leopard geckos
  49 orcs
  6 bats
  6 giant cockroaches
  16 goblins
  7 hobgoblins
  17 jackals
  25 kobolds
  6 quokkas
  A ball python (D:5)
  5 frilled lizards
  A giant cockroach zombie (D:6)
  9 rats
  A plant (Lair:6)
678 creatures vanquished.

Vanquished Creatures (others)
  A shadow imp (D:14)
  28 fungi
  13 plants
42 creatures vanquished.

Grand Total: 720 creatures vanquished

Notes
Turn   | Place    | Note
-------+----------+-------------------------------------------
     0 | D:1      | Norn the Halfling Hunter began the quest for the Orb.
     0 | D:1      | Reached XP level 1. HP: 14/14 MP: 1/1
    81 | D:1      | Reached XP level 2. HP: 8/19 MP: 2/2
    87 | D:1      | Reached skill level 1 in Short Blades
   649 | D:1      | Reached XP level 3. HP: 13/24 MP: 1/3
   974 | D:2      | Found a sacrificial altar of Ru.
  1020 | D:2      | Noticed Robin
  1135 | D:2      | Found a radiant altar of Vehumet.
  1147 | D:2      | Reached XP level 4. HP: 29/29 MP: 4/4
  1212 | D:2      | Killed Robin
  1581 | D:2      | Found Zin's Purification Station.
  1586 | D:2      | Found a glowing silver altar of Zin.
  2328 | D:3      | Reached skill level 3 in Dodging
  2344 | D:3      | Reached XP level 5. HP: 35/35 MP: 5/5
  3178 | D:3      | Reached XP level 6. HP: 25/41 MP: 2/6
  3353 | D:3      | Found a runed translucent gate.
  3354 | D:3      | Found a runed translucent gate.
  3355 | D:3      | Found a runed translucent gate.
  3356 | D:3      | Noticed Sondor's ghost (amateur DsCK)
  3356 | D:3      | Noticed Norn's ghost (amateur HaHu)
  3356 | D:3      | Noticed Peloso's ghost (amateur MiFi)
  3919 | D:4      | Noticed an ogre
  3932 | D:4      | Killed an ogre
  4015 | D:4      | Reached skill level 1 in Shields
  4099 | D:4      | Noticed an ogre
  4130 | D:3      | Reached XP level 7. HP: 37/46 MP: 7/7
  4752 | D:4      | Found an opulent altar of Gozag.
  4781 | D:4      | Became a worshipper of Gozag Ym Sagoz the Greedy
  4954 | D:5      | Entered Level 5 of the Dungeon
  5001 | D:5      | Reached skill level 5 in Short Blades
  5001 | D:5      | Reached skill level 4 in Dodging
  5001 | D:5      | Reached XP level 8. HP: 17/52 MP: 2/8
  6499 | D:5      | Found a runed translucent door.
  6500 | D:5      | Noticed Crazy Yiuf
  6547 | D:5      | Found a staircase to the Ecumenical Temple.
  6559 | Temple   | Entered the Ecumenical Temple
  7186 | D:6      | Reached XP level 9. HP: 58/58 MP: 9/9
  7219 | D:6      | Reached skill level 5 in Dodging
  7371 | D:6      | Reached skill level 10 in Slings
  8565 | D:7      | Found a sparkling altar of Nemelex Xobeh.
  9411 | D:7      | Reached XP level 10. HP: 65/65 MP: 10/10
  9509 | D:7      | Reached skill level 5 in Fighting
  9509 | D:7      | Reached skill level 6 in Dodging
  9908 | D:8      | Bought a crystal rapier for 207 gold pieces
  9908 | D:8      | Identified the +7 rapier of the Blessed Realm {pierce, rN+}
                  | (You bought it in a shop on level 8 of the Dungeon)
  9920 | D:8      | Noticed a death yak
  9967 | D:8      | Found a staircase to the Lair.
 10137 | D:8      | Noticed a death yak
 10137 | D:8      | Noticed a death yak
 10829 | D:7      | Killed a death yak
 10829 | D:7      | Reached skill level 5 in Shields
 12334 | D:7      | Killed a death yak
 12855 | D:7      | Killed a death yak
 12855 | D:7      | Reached skill level 10 in Short Blades
 12855 | D:7      | Reached skill level 1 in Armour
 12855 | D:7      | Reached skill level 7 in Dodging
 12855 | D:7      | Reached XP level 11. HP: 58/72 MP: 11/11
 14110 | D:9      | Noticed Joseph
 14128 | D:9      | Killed Joseph
 14595 | D:9      | Found a shadowy altar of Dithmenos.
 14847 | D:9      | Noticed Maurice
 15017 | D:9      | Killed Maurice
 15252 | D:10     | Entered Level 10 of the Dungeon
 15317 | D:10     | Noticed a deep elf mage
 15484 | D:10     | Killed a deep elf mage
 15780 | D:9      | Reached skill level 8 in Dodging
 16056 | D:10     | Got a heavily runed scale mail
 16409 | Lair:1   | Entered Level 1 of the Lair of Beasts
 16491 | Lair:1   | Identified the cursed +1 scale mail of the Barnacle {rC+}
                  | (You found it on level 10 of the Dungeon)
 16540 | Lair:1   | Noticed Harold
 17273 | Lair:1   | Killed Harold
 17273 | Lair:1   | Reached skill level 5 in Armour
 17273 | Lair:1   | Reached XP level 12. HP: 58/81 MP: 12/12
 18147 | Lair:2   | Reached skill level 9 in Dodging
 18759 | Lair:2   | Noticed a seven-headed hydra
 18786 | Lair:2   | Killed a seven-headed hydra
 19826 | Lair:3   | Found a hazy altar of Hepliaklqana.
 19924 | Lair:3   | Reached skill level 1 in Evocations
 19999 | Lair:3   | Noticed a seven-headed hydra
 20124 | Lair:3   | Killed a seven-headed hydra
 20124 | Lair:3   | Reached skill level 10 in Dodging
 20685 | Lair:3   | Noticed an eight-headed hydra
 20714 | Lair:3   | Killed an eight-headed hydra
 21019 | Lair:4   | Noticed Josephine
 21029 | Lair:4   | Killed Josephine
 21129 | Lair:4   | Found a hole to the Spider Nest.
 21142 | Lair:4   | Found a staircase to the Swamp.
 21150 | Lair:4   | Reached XP level 13. HP: 77/90 MP: 15/15
 21222 | Lair:4   | Found the ring of the Octopus King
 21235 | Lair:4   | Got a ring of the Octopus King
 21237 | Lair:4   | Identified a ring of the Octopus King {AC+1 EV+1 Str+1
                  | Int+1 Dex+1 Stlth+} (You found it on level 4 of the Lair of
                  | Beasts)
 22741 | Lair:5   | Reached skill level 11 in Dodging
 23503 | Lair:5   | Reached skill level 5 in Evocations
 24345 | Lair:5   | Found a staircase to the Slime Pits.
 24591 | Lair:6   | Entered Level 6 of the Lair of Beasts
 24647 | Lair:6   | Reached skill level 10 in Fighting
 24954 | Lair:6   | Reached XP level 14. HP: 88/99 MP: 17/17
 24962 | Lair:6   | Reached skill level 10 in Armour
 25368 | Lair:6   | Reached skill level 12 in Dodging
 25993 | Lair:6   | Bought an uncursed ring of see invisible for 225 gold
                  | pieces
 25997 | Lair:6   | Bought a glowing hunting sling for 135 gold pieces
 26916 | Lair:6   | Noticed an entropy weaver
 27590 | Lair:6   | Noticed an entropy weaver
 27609 | Lair:6   | Killed an entropy weaver
 27609 | Lair:6   | Reached skill level 13 in Dodging
 28518 | Lair:6   | Killed an entropy weaver
 28910 | D:11     | Found Wyuvidgh's General Store.
 29104 | D:11     | Found a staircase to the Orcish Mines.
 29764 | D:11     | Bought a polished scimitar for 351 gold pieces
 29817 | D:11     | Reached XP level 15. HP: 100/107 MP: 19/19
 29928 | D:11     | Reached skill level 1 in Long Blades
 30302 | D:11     | Got a shimmering amber ring
 31188 | D:12     | Identified the ring "Kepnus" {rPois rC- EV+4 Int+4 Stlth+}
                  | (You found it on level 11 of the Dungeon)
 31189 | D:12     | Identified the +7 scimitar of Didyis {holy, rPois} (You
                  | bought it in a shop on level 11 of the Dungeon)
 32491 | D:13     | Found a gate to the Vaults.
 32651 | D:13     | Reached skill level 14 in Dodging
 34144 | D:14     | Reached skill level 5 in Long Blades
 34902 | D:14     | Found a runed translucent door.
 34903 | D:14     | Noticed rorsh's ghost (journeyman DEWz)
 35097 | D:14     | You fall through a shaft!
 35097 | D:15     | Entered Level 15 of the Dungeon
 35097 | D:15     | Found a staircase to the Depths.
 35106 | D:15     | Reached XP level 16. HP: 108/115 MP: 22/22
 35137 | D:15     | Slain by a dire elephant

Skill      XL: |  1  2  3  4  5  6  7  8  9 10 11 12 13 14 15 |
---------------+----------------------------------------------+-----
Slings         | 6 7 8 9 11 12 | 12.1
Short Blades   | 1 2 3 4 5 6 8 10 12 | 12.0
Fighting       | 2 3 4 5 7 8 10 11 12 | 12.4
Dodging        | 3 4 5 7 8 10 11 13 14 | 14.3
Shields        | 1 2 3 4 5 |  5.6
Armour         | 1 5 7 9 11 | 11.0
Evocations     | 2 5 6 8 |  8.6
Long Blades    | 5 |  5.4
Stealth        | |  1.1

Action                   |  1- 3 |  4- 6 |  7- 9 | 10-12 | 13-15 | 16-18 || total
-------------------------+-------+-------+-------+-------+-------+-------++-------
Melee: Short sword       |    84 |    37 |   246 |       |       |       ||   367
       Rapier            |       |       |       |   484 |  2012 |    20 ||  2516
       Dagger            |       |       |       |   294 |    39 |       ||   333
 Fire: Hunting sling     |    60 |   193 |   340 |   133 |    44 |       ||   770
       Blowgun           |       |     4 |    39 |    31 |       |       ||    74
Throw: Stone             |       |       |     2 |     2 |       |       ||     4
Invok: Call Merchant     |       |       |       |     1 |     3 |       ||     4
Evoke: Wand              |       |     1 |     2 |    20 |    14 |     1 ||    38
  Use: Potion            |       |     1 |     1 |     2 |       |     2 ||     6
       Scroll            |       |       |     3 |    26 |    13 |       ||    42
 Stab: Sleeping          |     1 |     1 |     3 |       |     9 |       ||    14
       Distracted        |       |       |     2 |       |    11 |       ||    13
  Eat: Chunk             |     1 |     9 |     2 |       |       |       ||    12
       Ration            |       |       |     4 |    12 |    13 |       ||    29
Armor: Leather armour    |    14 |    16 |    65 |    12 |       |       ||   107
       Ring mail         |       |       |       |   116 |   210 |     6 ||   332
Dodge: Dodged            |    77 |    69 |   249 |   424 |  1124 |    16 ||  1959
Block: Buckler           |       |       |       |   126 |   410 |     2 ||   538
